Map: [ESL] Crimson Court

Players

Spatz

  • Race: Protoss Protoss
  • Spawn Location: 1:00

Wayne - Winner!

  • Race: Zerg Zerg
  • Spawn Location: 7:00

Event: ESL SC2 Masters 2024 Spring (Regional)

VOD

Have the link to the VOD?

Description

Time

  • Played on: April 19, 2024, 12:29 p.m.
  • Length: 7:35

All games in this series

Show
View Real Time Build Order
Export as new Build Order

Spatz Protoss 

Build Orders: 1 Gate Expand, Mass Adepts 

Get SALT Encoding   

  12  0:00  Probe  
  13  0:12  Pylon  
  13  0:17  Probe (Chrono Boost)  
  14  0:27  Probe (Chrono Boost)  
  15  0:32  Probe (Chrono Boost)  
  16  0:39  Gateway  
  16  0:44  Probe  
  16  0:48  Assimilator  
  17  0:56  Probe  
  18  1:08  Probe  
  19  1:20  Probe  
  20  1:27  Cybernetics Core  
  20  1:36  Nexus  
  20  1:43  Pylon  
  21  1:47  Probe  
  21  1:52  Assimilator  
  21  1:59  Probe  
  21  2:00  Adept (Chrono Boost)  
  22  2:08  Warp Gate  
  24  2:11  Probe  
  25  2:21  Adept (Chrono Boost)  
  25  2:23  Probe  
  28  2:35  Probe  
  28  2:37  Twilight Council  
  29  2:47  Stalker, Probe (Chrono Boost)  
  32  2:56  Probe (Chrono Boost)  
  33  2:59  Probe (Chrono Boost)  
  35  3:06  Probe (Chrono Boost)  
  35  3:07  Probe (Chrono Boost)  
  35  3:11  Robotics Facility  
  36  3:13  Resonating Glaives  
  36  3:14  Probe  
  36  3:16  Probe  
  39  3:28  Probe  
  39  3:31  Gateway  
  39  3:32  Gateway  
  39  3:40  Gateway  
  40  3:42  Probe  
  40  3:46  Gateway  
  40  3:49  Probe  
  40  3:54  Probe  
  42  3:56  Warp Prism (Chrono Boost)  
  44  4:04  Pylon  
  44  4:07  Probe  
  44  4:08  Probe  
  46  4:14  Dark Shrine  
  46  4:18  Pylon  
  46  4:24  Adept  
  46  4:25  Adept  
  46  4:28  Adept  
  52  4:31  Assimilator  
  52  4:48  Adept  
  52  4:49  Adept x4  
  62  4:54  Pylon  
  62  4:56  Pylon  
  52  5:15  Probe  
  53  5:24  Probe  
  53  5:26  Dark Templar x2  
  53  5:28  Dark Templar  
  60  5:29  Probe  
  61  5:40  Pylon  
  61  5:44  Probe  
  61  5:47  Probe  
  63  5:56  Immortal, Probe  
  64  5:59  Probe  
  64  6:02  Assimilator  
  63  6:08  Probe  
  63  6:09  Adept x5  
  74  6:11  Probe  
  70  6:21  Pylon, Probe  
  70  6:23  Probe  
  70  6:24  Pylon  
  70  6:32  Robotics Bay  
  68  6:37  Nexus  
  68  6:42  Adept x5  
  77  6:47  Gateway  
  77  6:48  Immortal, Gateway  
  77  7:13  Dark Templar x2  
  77  7:14  Adept x2  
  68  7:22  Probe  
Show
View Real Time Build Order
Export as new Build Order

Wayne Zerg - Winner!

Build Orders: Hatch First 

Get SALT Encoding   

  12  0:00  Drone  
  13  0:12  Overlord  
  13  0:16  Drone  
  14  0:30  Drone x2  
  16  0:47  Hatchery  
  15  0:50  Drone  
  15  0:54  Drone  
  17  0:57  Drone  
  18  1:08  Extractor  
  17  1:12  Spawning Pool  
  17  1:15  Drone  
  17  1:19  Drone  
  18  1:28  Drone  
  19  1:39  Drone  
  20  1:48  Overlord  
  20  1:59  Queen x2  
  20  2:00  Zergling x4  
  26  2:11  Metabolic Boost  
  26  2:13  Zergling x4  
  28  2:24  Drone  
  28  2:26  Zergling x2  
  30  2:34  Hatchery  
  29  2:37  Zergling x2  
  29  2:41  Spore Crawler  
  29  2:47  Queen  
  32  2:52  Overlord  
  32  2:54  Drone  
  32  2:57  Drone  
  34  3:00  Drone  
  34  3:03  Drone  
  35  3:13  Drone x2  
  35  3:19  Drone x2  
  39  3:21  Evolution Chamber  
  39  3:23  Overlord, Drone  
  40  3:28  Drone x2  
  40  3:33  Unknown  
  40  3:35  Drone  
  40  3:39  Drone  
  44  3:48  Drone x3  
  47  3:56  Roach Warren  
  47  3:58  Drone  
  47  3:59  Drone x3  
  48  4:09  Overlord  
  48  4:15  Zergling x4, Drone x2  
  48  4:16  Zergling x8  
  55  4:20  Overlord  
  55  4:23  Drone  
  56  4:32  Overlord  
  56  4:36  Roach x3  
  56  4:37  Zergling x6  
  65  4:42  Zergling x6  
  68  4:49  Zergling x8  
  68  4:52  Roach  
  74  4:54  Spore Crawler  
  74  4:57  Spore Crawler  
  74  4:59  Roach  
  74  5:06  Zergling x2  
  72  5:13  Zergling x16  
  73  5:16  Ravager x3  
  73  5:19  Overlord, Drone  
  77  5:22  Spore Crawler  
  77  5:23  Drone  
  77  5:24  Drone x2  
  80  5:28  Drone  
  80  5:33  Overlord  
  80  5:35  Overlord  
  80  5:40  Drone  
  80  5:42  Drone  
  82  5:45  Lair  
  82  5:50  Overlord  
  82  5:52  Overlord  
  82  5:54  Queen  
  75  5:57  Drone x5  
  80  6:05  Roach x4  
  88  6:11  Overlord  
  88  6:16  Roach x3  
  92  6:23  Drone x2  
  91  6:31  Roach x5  
  99  6:34  Ravager x2  
  99  6:39  Extractor  
  100  6:41  Drone x6  
  104  6:47  Overseer x2  
  104  6:50  Drone x2  
  106  6:55  Drone  
  106  7:00  Drone  
  108  7:08  Overlord, Hatchery  
  107  7:12  Roach x3  
  107  7:13  Roach x2  
Tags
 
Add a new tag
Caveats
  • Supply blocks, unpowered buildings, or Contaminate may cause inaccurate times.
  • Supply counts are checked every 10 seconds.